 Dungeon Crawl Stone Soup version 0.14-a0-2618-g5301534 (webtiles) character file.

223 Deemzul the Skirmisher (level 3, 0/30 HPs)
             Began as a Demonspawn Fighter on Feb 14, 2014.
             Slain by Crazy Yiuf
             ... wielding a +4,+2 quarterstaff of chaos
              (4 damage)
             ... on Level 2 of the Dungeon.
             The game lasted 00:01:21 (1235 turns).

Deemzul the Skirmisher (Demonspawn Fighter)         Turns: 1235, Time: 00:01:21

HP   0/30        AC  7     Str 21      XL: 3   Next: 28%
MP   3/3         EV  6     Int  9      God:
Gold 184         SH 18     Dex 14      Spells:  0 memorised,  2 levels left

rFire  . . .     SeeInvis .     a - +0 hand axe
rCold  . . .     Clarity  .     b - +0 scale mail
rNeg   . . .     Conserve .     c - +0 shield
rPois  .         rCorr    .     (no helmet)
rElec  .         rRot     .     (no cloak)
SustAb . .       Spirit   .     (no gloves)
rMut   .         Warding  .     g - +0 pair of dwarf boots
Saprov + . .     Stasis   .     (no amulet)
MR     .....                    (no ring)
                                r - +4 ring of strength

@: very slightly contaminated, hasted, very quick, not resistant to hostile
enchantments, extremely unstealthy
A: thin skeletal structure 1, saprovore 1
a: no special abilities


You were on level 2 of the Dungeon.
You were hungry.

You visited 1 branch of the dungeon, and saw 2 of its levels.

You collected 184 gold pieces.

Inventory:

Hand weapons
 a - a +0,+0 hand axe (weapon)
Armour
 b - a +0 scale mail (worn)
 c - a +0 shield (worn)
 g - a +0 pair of dwarven boots (worn)
Comestibles
 d - 2 bread rations
 l - 2 meat rations
 s - an apple
 t - a pear
Scrolls
 f - a scroll of curse weapon {unknown}
 h - a scroll of amnesia {unknown}
 i - 2 scrolls of blinking {unknown}
 k - a scroll of fear {unknown}
 m - 2 scrolls of teleportation {unknown}
 p - a scroll of remove curse {unknown}
 q - a scroll of identify {unknown}
Jewellery
 r - a +4 ring of strength (left hand)
Potions
 e - a potion of curing
 j - a potion of magic {unknown}
 n - a potion of mutation {unknown}
 o - 2 potions of heal wounds {unknown}
 u - a potion of agility {unknown}


   Skills:
 + Level 4.0 Fighting
 + Level 2.4 Axes
 - Level 2.6 Armour
 - Level 2.6 Shields


You had 2 spell levels left.
You didn't know any spells.

Dungeon Overview and Level Annotations

Branches:
Dungeon (2/16)

Altars:

Annotations:
D:2 Crazy Yiuf


Innate Abilities, Weirdness & Mutations

You have a somewhat thin skeletal structure (Dex +2, Stlth).
You can tolerate rotten meat.


Message History

Crazy Yiuf draws strength from your injuries!
You hit Crazy Yiuf.
Crazy Yiuf is moderately wounded.
Crazy Yiuf hits you with a quarterstaff of chaos.
You feel yourself speed up.
You are very lightly contaminated with residual magic.
Your shield and scale mail prevent you from hitting Crazy Yiuf.
Crazy Yiuf is moderately wounded.
Crazy Yiuf hits you with a quarterstaff of chaos!
You hit Crazy Yiuf.
Crazy Yiuf is severely wounded.
You are feeling hungry.
Crazy Yiuf hits you but does no damage.
Unknown command.
You hit Crazy Yiuf.
Crazy Yiuf is severely wounded.
Crazy Yiuf hits you with a quarterstaff of chaos!
* * * LOW HITPOINT WARNING * * *
Crazy Yiuf burns you.
You die...

.# ######## #..#####
####.)....###..##.##
###
#....###............
.... ... ######
######...#.## .#.#
#.# #........ #.#
#.# ##...#### .#.#
#.##### ### ##.##
.#.# #..#..##
###)))# #.# ##.#
#....P.####@g)).#
#.# #.#
#.....f)#))##)))#
#+# #.###.##.f)#)###
### ##......#######
........# ##.....##
# .......... +
##.....#.# #
###....#.#


You could see Crazy Yiuf.

Vanquished Creatures
  An adder (D:2)
  A giant gecko (D:1)
  An ooze (D:2)
  3 bats
  A giant cockroach (D:2)
  2 goblins
  3 hobgoblins
  A quokka (D:2)
  A giant newt (D:2)
  9 kobolds
  3 rats (D:1)
26 creatures vanquished.

Notes
Turn   | Place    | Note
--------------------------------------------------------------
     0 | D:1      | Deemzul, the Demonspawn Fighter, began the quest for the Orb.
     0 | D:1      | Reached XP level 1. HP: 18/18 MP: 1/1
   396 | D:1      | Gained mutation: You have a somewhat thin skeletal structure (Dex +2, Stlth). [demonic ancestry]
   396 | D:1      | Reached XP level 2. HP: 17/24 MP: 2/2
   864 | D:2      | HP: 1/24 [adder (4)]
   877 | D:2      | Gained mutation: You can tolerate rotten meat. [demonic ancestry]
   877 | D:2      | Reached XP level 3. HP: 9/30 MP: 3/3
  1163 | D:2      | Reached skill level 4 in Fighting
  1228 | D:2      | Noticed Crazy Yiuf
  1235 | D:2      | Slain by Crazy Yiuf

Action                   || total
-------------------------++-------
Melee: Hand axe          ||   131
  Use: Potion            ||     2
